Map: [EWC] Goldenaura

Players

Reynor

  • Race: Zerg Zerg
  • Spawn Location: 5:00

herO - Winner!

  • Race: Protoss Protoss
  • Spawn Location: 12:00

Event: Esports World Cup 2024

VOD

Have the link to the VOD?

Description

Time

  • Played on: Aug. 16, 2024, 10:03 a.m.
  • Length: 14:10

All games in this series

Show
View Real Time Build Order
Export as new Build Order

Reynor Zerg 

Build Orders: Hatch First, Lurkers 

Get SALT Encoding   

  12  0:00  Drone  
  13  0:12  Overlord  
  13  0:17  Drone  
  14  0:30  Drone x2  
  16  0:40  Drone  
  17  0:52  Hatchery  
  17  0:55  Drone  
  17  0:58  Drone  
  18  1:12  Extractor  
  18  1:14  Spawning Pool  
  16  1:19  Drone  
  16  1:23  Drone  
  18  1:30  Drone  
  20  1:40  Drone  
  20  1:49  Overlord  
  20  2:00  Queen  
  22  2:04  Queen  
  22  2:05  Drone x2  
  26  2:12  Zergling x2  
  27  2:15  Zergling x2, Metabolic Boost  
  27  2:21  Drone  
  29  2:25  Drone  
  30  2:33  Drone  
  31  2:38  Drone  
  31  2:41  Queen  
  34  2:50  Hatchery  
  33  2:52  Overlord  
  33  2:55  Zergling x2  
  33  2:57  Zergling x2  
  35  3:03  Drone  
  36  3:09  Spore Crawler  
  36  3:11  Spore Crawler  
  35  3:12  Drone  
  35  3:13  Drone  
  35  3:14  Drone x2  
  35  3:18  Drone  
  35  3:19  Queen  
  42  3:25  Overlord  
  41  3:32  Overlord  
  41  3:33  Spore Crawler  
  40  3:43  Queen  
  40  3:44  Drone  
  40  3:46  Overlord  
  43  3:49  Drone  
  43  3:51  Drone x3  
  43  3:52  Drone  
  43  3:54  Drone  
  48  3:56  Drone  
  48  4:02  Queen  
  51  4:03  Drone  
  51  4:05  Drone  
  51  4:06  Drone  
  54  4:12  Drone x2, Spore Crawler  
  54  4:14  Drone  
  56  4:17  Overlord  
  56  4:25  Drone x3  
  56  4:26  Overlord  
  56  4:27  Drone  
  59  4:31  Drone  
  59  4:32  Drone  
  59  4:33  Drone  
  59  4:35  Drone  
  59  4:37  Drone  
  63  4:43  Roach Warren  
  62  4:46  Zergling x4  
  62  4:47  Zergling x2  
  62  4:48  Zergling x2  
  62  4:50  Drone  
  62  4:51  Drone  
  68  4:59  Lair  
  68  5:00  Zergling x6, Extractor  
  68  5:03  Drone  
  68  5:04  Drone  
  68  5:06  Overlord  
  72  5:08  Drone  
  72  5:09  Drone x2  
  72  5:10  Drone  
  72  5:11  Drone  
  72  5:12  Drone  
  78  5:15  Overlord  
  78  5:16  Drone  
  78  5:17  Drone x2  
  78  5:19  Zergling x2  
  82  5:21  Overlord  
  82  5:23  Overlord  
  82  5:27  Extractor  
  81  5:29  Evolution Chamber  
  81  5:34  Zergling x4  
  81  5:35  Zergling x2  
  78  5:36  Zergling x4  
  78  5:37  Overlord  
  78  5:38  Drone  
  78  5:39  Drone  
  78  5:44  Drone  
  78  5:45  Drone x3  
  81  5:50  Drone  
  81  5:53  Drone  
  81  5:56  Zerg Missile Weapons Level 1  
  83  5:59  Drone  
  83  6:00  Extractor  
  83  6:03  Drone x2  
  85  6:05  Spore Crawler  
  85  6:08  Drone  
  85  6:10  Overseer  
  85  6:11  Drone  
  85  6:13  Drone x3, Hatchery  
  85  6:16  Drone x2  
  89  6:23  Zergling x4  
  89  6:24  Zergling x4, Extractor  
  89  6:25  Extractor  
  89  6:26  Zergling x2  
  89  6:29  Queen, Overlord  
  90  6:34  Zergling x2  
  90  6:36  Overlord  
  90  6:38  Queen  
  93  6:41  Roach  
  93  6:42  Overlord  
  93  6:44  Glial Reconstitution  
  97  6:47  Hatchery, Zergling x4, Roach  
  97  6:50  Roach  
  100  6:54  Zergling x4, Roach  
  100  6:56  Roach  
  107  7:01  Roach  
  107  7:02  Overlord  
  107  7:03  Roach x2  
  107  7:08  Roach x2  
  115  7:10  Ravager  
  115  7:12  Roach  
  115  7:13  Zergling x6  
  115  7:14  Queen  
  119  7:20  Roach x2  
  116  7:23  Roach  
  116  7:27  Roach  
  119  7:32  Roach x4  
  119  7:34  Roach  
  129  7:37  Overlord  
  129  7:40  Zergling x2  
  129  7:41  Overlord  
  130  7:44  Overlord  
  130  7:45  Extractor  
  130  7:47  Ravager  
  130  7:55  Overlord  
  128  7:59  Roach x4  
  128  8:00  Zerg Missile Weapons Level 2  
  128  8:04  Roach x7  
  148  8:09  Roach x3  
  158  8:12  Roach x2  
  158  8:13  Queen, Roach  
  158  8:17  Roach  
  162  8:24  Roach x3  
  168  8:28  Overlord  
  168  8:29  Overlord  
  168  8:31  Overlord  
  168  8:36  Overlord  
  168  8:41  Infestation Pit  
  168  8:46  Overlord  
  161  8:52  Roach x10  
  181  9:00  Roach x4  
  189  9:03  Ravager x5  
  178  9:17  Roach x5  
  178  9:18  Hatchery  
  165  9:24  Roach x4  
  165  9:28  Roach x2  
  157  9:35  Roach x3  
  155  9:43  Roach x4  
  155  9:44  Roach  
  146  9:50  Roach x2  
  132  9:54  Roach x3  
  130  10:01  Hydralisk Den, Ravager x3  
  130  10:06  Zergling x10  
  133  10:09  Roach x2  
  133  10:13  Drone x2  
  135  10:15  Ravager  
  135  10:16  Roach x2  
  140  10:21  Roach  
  140  10:22  Roach  
  140  10:26  Ravager  
  140  10:27  Drone, Hive  
  144  10:31  Roach  
  144  10:35  Drone x4  
  148  10:36  Ravager  
  148  10:40  Drone  
  150  10:42  Lurker Den  
  150  10:48  Roach x4  
  152  10:59  Drone x4  
  154  11:07  Zergling x6, Roach x4  
  154  11:08  Zergling x2  
  157  11:18  Extractor  
  157  11:20  Lurker Den  
  157  11:24  Drone x3  
  156  11:27  Roach x2  
  156  11:28  Roach x4  
  168  11:35  Roach x3  
  168  11:36  Roach x3  
  174  11:50  Hydralisk x3  
  174  11:51  Zergling x2, Hydralisk x2  
  174  11:52  Roach  
  174  11:53  Roach x3  
  187  11:54  Overlord  
  173  12:03  Roach x5  
  173  12:06  Roach  
  156  12:09  Hydralisk x2  
  158  12:20  Seismic Spines  
  152  12:26  Lurker x3  
  152  12:27  Zergling x14  
  152  12:29  Roach x2  
  158  12:31  Roach  
  147  12:44  Lurker  
  147  12:45  Lurker  
  149  12:52  Hatchery  
  148  12:58  Lurker x2  
  148  12:59  Queen  
  148  13:00  Hydralisk  
  154  13:08  Drone x3  
  149  13:13  Hydralisk x4  
  149  13:18  Spore Crawler  
  156  13:25  Hydralisk  
  156  13:26  Hydralisk x3  
  160  13:30  Queen  
  148  13:44  Hydralisk x2  
  140  13:51  Zergling x16  
  140  13:52  Hatchery  
  139  13:56  Hatchery  
  139  13:59  Lurker  
  139  14:00  Lurker  
Show
View Real Time Build Order
Export as new Build Order

herO Protoss - Winner!

Build Orders: 1 Gate Expand, Oracle Opening 

Get SALT Encoding   

  12  0:00  Probe  
  13  0:12  Probe  
  14  0:17  Pylon  
  14  0:24  Probe (Chrono Boost)  
  16  0:36  Probe (Chrono Boost)  
  16  0:42  Gateway  
  16  0:43  Probe (Chrono Boost)  
  16  0:47  Assimilator  
  17  0:51  Probe  
  18  1:03  Probe  
  19  1:15  Probe  
  20  1:26  Nexus  
  20  1:35  Cybernetics Core  
  20  1:39  Probe  
  21  1:44  Assimilator  
  21  1:51  Probe  
  22  1:55  Pylon  
  22  2:03  Probe  
  23  2:10  Adept (Chrono Boost)  
  26  2:15  Probe  
  26  2:18  Stargate  
  26  2:26  Warp Gate  
  26  2:28  Probe (Chrono Boost)  
  27  2:34  Stalker  
  29  2:39  Probe (Chrono Boost)  
  31  2:45  Probe (Chrono Boost)  
  31  2:48  Probe (Chrono Boost)  
  32  2:52  Probe (Chrono Boost)  
  32  2:53  Probe (Chrono Boost)  
  34  3:01  Oracle (Chrono Boost)  
  37  3:06  Adept  
  37  3:08  Probe  
  37  3:09  Probe  
  41  3:20  Pylon  
  41  3:23  Probe x2  
  43  3:31  Oracle (Chrono Boost)  
  44  3:35  Probe x2  
  46  3:45  Nexus  
  46  3:47  Pylon  
  46  3:52  Probe x2  
  48  4:02  Oracle (Chrono Boost)  
  51  4:06  Gateway, Probe x2  
  53  4:10  Assimilator  
  53  4:11  Assimilator  
  53  4:13  Adept  
  55  4:18  Probe  
  55  4:19  Probe  
  57  4:35  Probe (Chrono Boost)  
  57  4:36  Twilight Council  
  57  4:37  Forge  
  59  4:41  Probe (Chrono Boost)  
  59  4:42  Adept  
  59  4:45  Pylon, Probe (Chrono Boost)  
  62  4:48  Gateway  
  62  4:50  Protoss Ground Weapons Level 1  
  62  4:54  Gateway  
  62  4:59  Probe (Chrono Boost)  
  65  5:01  Adept, Probe x2 (Chrono Boost)  
  65  5:02  Adept  
  69  5:08  Blink (Chrono Boost), Probe (Chrono Boost)  
  69  5:11  Probe x2 (Chrono Boost)  
  69  5:13  Probe (Chrono Boost)  
  72  5:21  Probe x2  
  75  5:25  Stalker x2, Probe  
  76  5:38  Probe x3  
  71  5:49  Stalker x4  
  77  5:50  Probe x3  
  77  5:52  Pylon  
  80  6:02  Probe  
  80  6:03  Probe x2  
  83  6:04  Shield Battery  
  83  6:05  Photon Cannon  
  83  6:10  Pylon  
  83  6:13  Stalker x2, Pylon  
  87  6:21  Stalker x2  
  87  6:22  Probe x2  
  93  6:28  Probe  
  93  6:29  Assimilator  
  93  6:30  Assimilator  
  93  6:31  Pylon  
  94  6:34  Probe  
  94  6:35  Probe  
  96  6:41  Probe  
  96  6:42  Protoss Ground Weapons Level 2 (Chrono Boost)  
  96  6:43  Stalker x2  
  96  6:44  Stalker x2  
  105  6:47  Pylon  
  105  6:53  Probe  
  106  6:55  Charge  
  106  7:05  Probe  
  107  7:08  Templar Archives  
  107  7:10  Nexus  
  107  7:11  Pylon  
  107  7:19  Stalker x4  
  115  7:32  Photon Cannon  
  115  7:33  Shield Battery  
  115  7:34  Robotics Facility  
  115  7:39  Gateway  
  115  7:41  Gateway  
  115  7:42  Gateway, Probe x3  
  118  7:44  Gateway  
  118  7:54  Stalker x4  
  118  7:57  Psionic Storm  
  120  8:03  Probe x3  
  120  8:05  Photon Cannon  
  122  8:14  Photon Cannon  
  122  8:15  Probe x3  
  122  8:19  High Templar x3  
  131  8:25  High Templar  
  133  8:27  Probe  
  133  8:29  Photon Cannon  
  133  8:33  Probe x3  
  134  8:39  Probe  
  131  9:01  Stalker x6  
  146  9:10  Stalker  
  144  9:23  Pylon  
  142  9:25  Archon  
  142  9:26  Archon  
  142  9:31  Stalker x3, Probe x4  
  122  9:44  Probe x3  
  122  9:45  Stalker x5  
  122  9:56  Probe x4  
  123  10:00  Stalker x3  
  123  10:05  Robotics Facility, Photon Cannon  
  128  10:07  Shield Battery  
  128  10:08  Probe x3  
  128  10:09  Protoss Ground Weapons Level 3 (Chrono Boost)  
  128  10:12  High Templar x3  
  128  10:13  Zealot x2  
  141  10:15  Probe  
  141  10:20  Probe x2  
  141  10:21  Assimilator, Probe  
  145  10:22  Assimilator  
  145  10:28  Shield Battery  
  145  10:29  Photon Cannon  
  143  10:37  High Templar x2  
  145  10:44  Stalker, Nexus  
  145  10:48  Pylon  
  145  10:49  Pylon  
  147  10:50  Pylon  
  147  10:51  Pylon  
  147  10:53  Stalker x2  
  148  10:57  Photon Cannon  
  148  10:59  Shield Battery  
  147  11:05  Fleet Beacon  
  147  11:06  Warp Prism (Chrono Boost)  
  147  11:09  Protoss Air Weapons Level 1 (Chrono Boost), Stargate  
  149  11:12  Zealot x5  
  149  11:13  Zealot  
  149  11:17  Zealot  
  149  11:18  Zealot  
  165  11:20  Pylon  
  165  11:25  Pylon  
  165  11:32  Immortal (Chrono Boost)  
  165  11:40  High Templar x3  
  165  11:41  Zealot x4, High Templar  
  179  11:53  Gateway  
  177  11:55  Gateway  
  139  12:08  Stalker  
  139  12:09  Stalker x3  
  139  12:14  Stalker x3  
  139  12:15  Stalker  
  149  12:31  Immortal  
  149  12:36  Tempest x2 (Chrono Boost)  
  157  12:49  Assimilator, Probe x4  
  157  12:50  Photon Cannon  
  161  12:52  Photon Cannon  
  161  12:53  Photon Cannon  
  161  12:54  Shield Battery, Photon Cannon  
  161  12:55  Shield Battery  
  161  12:57  Shield Battery  
  161  13:02  Zealot x6  
  173  13:09  Tempest x2 (Chrono Boost)  
  183  13:23  Zealot  
  183  13:24  Zealot x5  
  195  13:29  Zealot x2  
  194  13:38  Probe x3  
  186  13:58  Pylon, High Templar x4  
  194  14:05  Photon Cannon  
  194  14:06  Archon  
  194  14:07  Archon  
Tags
 
Add a new tag
Caveats
  • Supply blocks, unpowered buildings, or Contaminate may cause inaccurate times.
  • Supply counts are checked every 10 seconds.